Flames vs Predators

Created - Tuesday, December 22, 2015 at 02:22

Goals
1 2 3 T
Flames 1 0 2 3
Predators 1 1 0 2
Shots
1 2 3 T
Flames 7 6 18 31
Predators 11 7 6 24

1st period

1. Predators , Valtteri Filppula 13 (Radim Vrbata, Trevor Daley) at 11:38
2. Flames , Jason Pominville 13 (Johnny Gaudreau, Sean Monahan) at 17:29

Penalties :
Dennis Seidenberg (Nsh) for Tripping (Minor) at 0:37, Chris Kunitz (Cal) for Holding (Minor) at 3:14, Tim Gleason (Nsh) for Holding Stick (Minor) at 6:28, Dougie Hamilton (Cal) for Hooking (Minor) at 9:29, Jason Spezza (Cal) for Delaying the game (Minor) at 19:48

2nd period

3. Predators , Tomas Plekanec 9 (Radim Vrbata, Valtteri Filppula) at 6:26 (PP)

Penalties :
Tim Gleason (Nsh) for Interference (Minor) at 3:31, Jason Spezza (Cal) for Cross-checking (Minor) at 4:28, Evander Kane (Nsh) for Hooking (Minor) at 9:30, Tim Gleason (Nsh) for High sticking (Minor) at 12:22

3rd period

4. Flames , Jaden Schwartz 16 (Martin St. Louis, TJ Brodie) at 0:30
5. Flames , Sean Monahan 18 (David Savard) at 2:48

Penalties :
Cal Clutterbuck (Nsh) for Interference (Minor) at 3:44, Dan Boyle (Nsh) for Tripping (Minor) at 11:38, Evander Kane (Nsh) for Hooking (Minor) at 19:32

Goalie Stats

Antti Niemi (Cal), 22 saves from 24 shots - (0.917), W, 14-6-3, 60:00 minutes
Jimmy Howard (Nsh), 28 saves from 31 shots - (0.903), L, 15-13-1, 60:00 minutes

Players Stats for Flames

Player Name              G  A  P  +/- PIM S  H  SB GA TA FO     MP     PP MP  PK MP  
------------------------------------------------------------------------------------
Aleksander Barkov        0  0  0   0  0   1  1  0  3  1  4/9    16:57   0:00   3:03 
Brian Campbell           0  0  0   1  0   1  0  0  0  1  0/0    23:09   7:18   3:33 
Chris Kunitz             0  0  0   0  2   0  0  0  1  0  0/1    10:20   0:00   0:00 
David Savard             0  1  1   0  0   0  0  1  0  1  0/0    14:09   0:00   3:19 
Dougie Hamilton          0  0  0   0  2   3  4  2  0  0  0/0    19:29   7:18   0:00 
Jaden Schwartz           1  0  1   1  0   2  1  0  1  1  0/2    18:10   7:01   0:00 
Jason Pominville         1  0  1   1  0   2  0  0  2  0  0/0    15:04   7:01   0:00 
Jason Spezza             0  0  0   1  4   3  1  0  2  1  4/10   18:43   7:00   0:00 
John Klingberg           0  0  0   1  0   2  2  2  0  0  0/0    22:46   6:00   0:41 
Johnny Gaudreau          0  1  1   1  0   3  2  0  2  1  0/1    14:30   6:17   0:00 
Lance Bouma              0  0  0   0  0   2  1  1  0  2  0/0    13:26   0:00   3:15 
Martin St. Louis         0  1  1   1  0   3  0  0  0  0  0/1    17:38   6:17   0:34 
Michael Frolik           0  0  0   0  0   0  1  0  1  1  0/0    13:22   0:00   3:03 
Mikael Backlund          0  0  0  -1  0   2  0  0  0  0  5/6     6:06   0:00   3:01 
Reilly Smith             0  0  0   1  0   2  1  0  0  1  0/4    10:33   0:00   0:48 
Ryan Murray              0  0  0   1  0   1  3  2  0  2  0/0    21:03   6:00   2:52 
Sean Monahan             1  1  2   2  0   4  0  1  3  0  7/14   17:01   6:17   0:00 
TJ Brodie                0  1  1   0  0   0  1  3  0  0  0/0    19:31   0:00   3:19 

Players Stats for Predators

Player Name              G  A  P  +/- PIM S  H  SB GA TA FO     MP     PP MP  PK MP  
------------------------------------------------------------------------------------
Andrew Cogliano          0  0  0   0  0   0  1  0  1  1  0/1    16:39   0:00   6:25 
Cal Clutterbuck          0  0  0   0  2   2  2  0  0  0  0/0     8:24   0:00   0:00 
Cody Eakin               0  0  0  -2  0   0  2  0  2  1  6/11   17:10   0:00   6:35 
Dan Boyle                0  0  0  -1  2   1  0  0  1  0  0/0    16:15   2:40   0:00 
Dennis Seidenberg        0  0  0   0  2   2  3  5  0  1  0/0    21:43   2:40   4:45 
Eric Fehr                0  0  0   0  0   2  2  0  1  1  3/4    14:43   0:00   6:35 
Evander Kane             0  0  0   0  4   0  5  0  3  0  1/1    13:17   2:42   0:18 
Nick Schultz             0  0  0  -1  0   2  2  0  0  1  0/0    18:41   0:41   6:46 
Nikolay Kulemin          0  0  0  -2  0   0  1  0  0  0  0/0     9:14   0:00   0:00 
Patrice Bergeron         0  0  0   0  0   0  0  0  3  0  5/9    13:45   2:42   0:00 
Patrick Maroon           0  0  0   0  0   1  1  0  1  0  0/0     7:30   0:00   0:00 
Radim Vrbata             0  2  2   0  0   3  3  0  2  0  1/1    14:56   4:10   0:00 
Roman Josi               0  0  0   0  0   6  3  3  0  1  0/0    26:00   3:31   6:46 
Tim Gleason              0  0  0  -1  6   0  0  0  0  0  0/0    15:01   0:41   1:47 
Tomas Hertl              0  0  0  -2  0   1  0  0  0  0  0/0    11:56   2:42   0:00 
Tomas Plekanec           1  0  1   0  0   1  0  1  2  1  11/20  21:27   3:29   6:43 
Trevor Daley             0  1  1  -1  0   1  1  0  0  3  0/0    23:43   4:12   6:32 
Valtteri Filppula        1  1  2   0  0   2  0  1  2  0  1/1    15:03   4:10   0:00 

3 Stars

1 - Sean Monahan (Cal)
2 - Valtteri Filppula (Nsh)
3 - Jaden Schwartz (Cal)

Power Play

Flames - 0 on 8 Attempt(s) - 0.00%
Predators - 1 on 4 Attempt(s) - 25.00%

Penalty Kill

Flames - 3 on 4 Attempt(s) - 75.00% - Score 0 goal in Penalty Kill
Predators - 8 on 8 Attempt(s) - 100.00% - Score 0 goal in Penalty Kill

Team Stat

Flames - Hits : 18 - Faceoff Wins : 20 - Blocked Shots : 12 - Penalty Minutes : 8
Predators - Hits : 26 - Faceoff Wins : 28 - Blocked Shots : 10 - Penalty Minutes : 16

Official

Referees : Unknown
Linesman : Unknown

Game Notes

11:38 of 1st period - Predators goal is going for a video replay. After video review, Goal.
Mikael Backlund is injured at 6:12 of 2nd period (Upper Body)

Finance

Level 1 -- Attendance: 6000 (100.00%) -- Ticket Income $516,000
Level 2 -- Attendance: 4785 (95.70%) -- Ticket Income $253,605
Level 3 -- Attendance: 1729 (86.45%) -- Ticket Income $53,599
Level 4 -- Attendance: 4000 (100.00%) -- Ticket Income $72,000
Luxury Box -- Attendance: 983 (98.30%) -- Ticket Income $175,957
Game was played at the Gaylord Entertainment Center.
Total Attendance: 17497 (97.21%)
Total Ticket Income: $1,071,161
Other Income: $524,869
Total Income: $1,596,030

Flames

5 vs 5 Forward 
   Center                   Left Wing                Right Wing               Time % Phy DF OF 
 1 Jason Spezza             Jaden Schwartz           Martin St. Louis         30     0   1  4  
 2 Sean Monahan             Johnny Gaudreau          Jason Pominville         25     0   1  4  
 3 Aleksander Barkov        Chris Kunitz             Michael Frolik           25     0   2  3  
 4 Mikael Backlund          Lance Bouma              Reilly Smith             20     1   2  2  

5 vs 5 Defense 
   Defense                  Defense                                           Time % Phy DF OF 
 1 TJ Brodie                John Klingberg                                    35     1   2  2  
 2 Ryan Murray              Dougie Hamilton                                   30     1   2  2  
 3 Brian Campbell           David Savard                                      25     1   2  2  
 4 TJ Brodie                Dougie Hamilton                                   10     1   2  2  

PowerPlay Forward 
   Center                   Left Wing                Right Wing               Time % Phy DF OF 
 1 Jason Spezza             Jaden Schwartz           Jason Pominville         50     0   0  5  
 2 Sean Monahan             Johnny Gaudreau          Martin St. Louis         50     0   0  5  

PowerPlay Defense
   Defense                  Defense                                           Time % Phy DF OF 
 1 Brian Campbell           Dougie Hamilton                                   50     0   1  4  
 2 Ryan Murray              John Klingberg                                    50     0   1  4  

Penalty Kill 4 Players Forward 
   Center                   Wing                     Time % Phy DF OF 
 1 Aleksander Barkov        Michael Frolik           50     0   5  0  
 2 Mikael Backlund          Lance Bouma              50     0   5  0  

Penalty Kill 4 Players Defense
   Defense                  Defense                  Time % Phy DF OF 
 1 TJ Brodie                David Savard             50     0   5  0  
 2 Ryan Murray              Brian Campbell           50     0   5  0  

Penalty Kill - 3 Players Forward 
   Forward                                           Time % Phy DF OF 
 1 Aleksander Barkov                                 50     0   5  0  
 2 Mikael Backlund                                   50     0   5  0  

Penalty Kill - 3 Players Defense
   Defense                  Defense                  Time % Phy DF OF 
 1 TJ Brodie                Brian Campbell           50     0   5  0  
 2 Ryan Murray              David Savard             50     0   5  0  

4 vs 4 Forward 
   Center                   Wing                     Time % Phy DF OF 
 1 Jason Spezza             Martin St. Louis         50     1   2  2  
 2 Sean Monahan             Johnny Gaudreau          50     1   2  2  

4 vs 4 Defense
   Defense                  Defense                  Time % Phy DF OF 
 1 TJ Brodie                Dougie Hamilton          50     1   2  2  
 2 Brian Campbell           John Klingberg           50     1   2  2  

Last Minutes Offensive
   Center                   Left Wing                Right Wing               Defense                  Defense                  
   Jason Spezza             Jaden Schwartz           Martin St. Louis         John Klingberg           Dougie Hamilton          

Last Minutes Defensive
   Center                   Left Wing                Right Wing               Defense                  Defense                  
   Mikael Backlund          Lance Bouma              Michael Frolik           TJ Brodie                David Savard             

Goaltenders
Starting : Antti Niemi              
Backup : James Reimer             

Extra Forwards
Normal : Reilly Smith, Mikael Backlund, Aleksander Barkov - PP : Reilly Smith, Mikael Backlund - PK : Reilly Smith
Extra Defensemen
Normal : Dougie Hamilton, TJ Brodie, Brian Campbell - PP : TJ Brodie - PK : Dougie Hamilton, Brian Campbell
Penalty Shots
Jason Spezza, Sean Monahan, Jason Pominville, Johnny Gaudreau, Martin St. Louis

Predators

5 vs 5 Forward 
   Center                   Left Wing                Right Wing               Time % Phy DF OF 
 1 Tomas Plekanec           Valtteri Filppula        Radim Vrbata             33     0   1  4  
 2 Patrice Bergeron         Evander Kane             Andrew Cogliano          30     0   1  4  
 3 Cody Eakin               Nikolay Kulemin          Tomas Hertl              27     0   3  2  
 4 Eric Fehr                Patrick Maroon           Cal Clutterbuck          10     1   3  1  

5 vs 5 Defense 
   Defense                  Defense                                           Time % Phy DF OF 
 1 Roman Josi               Dennis Seidenberg                                 33     0   2  3  
 2 Nick Schultz             Trevor Daley                                      28     0   3  2  
 3 Tim Gleason              Dan Boyle                                         23     0   4  1  
 4 Roman Josi               Trevor Daley                                      16     0   2  3  

PowerPlay Forward 
   Center                   Left Wing                Right Wing               Time % Phy DF OF 
 1 Tomas Plekanec           Valtteri Filppula        Radim Vrbata             60     0   1  4  
 2 Patrice Bergeron         Evander Kane             Tomas Hertl              40     0   1  4  

PowerPlay Defense
   Defense                  Defense                                           Time % Phy DF OF 
 1 Roman Josi               Trevor Daley                                      67     0   1  4  
 2 Dennis Seidenberg        Dan Boyle                                         33     0   2  3  

Penalty Kill 4 Players Forward 
   Center                   Wing                     Time % Phy DF OF 
 1 Tomas Plekanec           Andrew Cogliano          50     0   4  1  
 2 Cody Eakin               Eric Fehr                50     0   4  1  

Penalty Kill 4 Players Defense
   Defense                  Defense                  Time % Phy DF OF 
 1 Roman Josi               Nick Schultz             50     0   4  1  
 2 Dennis Seidenberg        Trevor Daley             50     0   4  1  

Penalty Kill - 3 Players Forward 
   Forward                                           Time % Phy DF OF 
 1 Cody Eakin                                        50     0   4  1  
 2 Andrew Cogliano                                   50     0   4  1  

Penalty Kill - 3 Players Defense
   Defense                  Defense                  Time % Phy DF OF 
 1 Dennis Seidenberg        Nick Schultz             50     0   5  0  
 2 Tim Gleason              Trevor Daley             50     0   5  0  

4 vs 4 Forward 
   Center                   Wing                     Time % Phy DF OF 
 1 Patrice Bergeron         Evander Kane             50     0   2  3  
 2 Valtteri Filppula        Radim Vrbata             50     0   1  4  

4 vs 4 Defense
   Defense                  Defense                  Time % Phy DF OF 
 1 Dennis Seidenberg        Roman Josi               55     0   3  2  
 2 Nick Schultz             Trevor Daley             45     0   4  1  

Last Minutes Offensive
   Center                   Left Wing                Right Wing               Defense                  Defense                  
   Tomas Plekanec           Evander Kane             Radim Vrbata             Roman Josi               Trevor Daley             

Last Minutes Defensive
   Center                   Left Wing                Right Wing               Defense                  Defense                  
   Patrice Bergeron         Evander Kane             Valtteri Filppula        Roman Josi               Dennis Seidenberg        

Goaltenders
Starting : Jimmy Howard             
Backup : Kari Lehtonen            

Extra Forwards
Normal : Patrice Bergeron, Valtteri Filppula, Tomas Plekanec - PP : Cody Eakin, Eric Fehr - PK : Evander Kane
Extra Defensemen
Normal : Roman Josi, Trevor Daley, Dennis Seidenberg - PP : Trevor Daley - PK : Tim Gleason, Dennis Seidenberg
Penalty Shots
Patrice Bergeron, Radim Vrbata, Eric Fehr, Valtteri Filppula, Roman Josi

% Time on Ice - Flames

Lines # - Real PCT - Wanted PCT - Time Play
Normal Forward
1 - 29% - 30% - 11:20
2 - 21% - 25% - 8:07
3 - 26% - 25% - 9:50
4 - 24% - 20% - 9:12
Normal Defense
1 - 38% - 35% - 14:43
2 - 32% - 30% - 12:11
3 - 27% - 25% - 10:22
4 - 3% - 10% - 1:13
PP Forward
1 - 53% - 50% - 7:01
2 - 47% - 50% - 6:17
PP Defense
1 - 55% - 50% - 7:18
2 - 45% - 50% - 6:00
PK Forward
1 - 53% - 50% - 3:37
2 - 47% - 50% - 3:16
PK Defense
1 - 48% - 50% - 3:19
2 - 52% - 50% - 3:34
PK3 Forward
1 - 0% - 50%
2 - 0% - 50%
PK3 Defense
1 - 0% - 50%
2 - 0% - 50%
44 Forward
1 - 24% - 50% - 0:15
2 - 76% - 50% - 0:47
44 Defense
1 - 76% - 50% - 0:47
2 - 24% - 50% - 0:15
Last Minute Offensive  - 0:00
Last Minute Defensive  - 0:18
Total
Forward - 60:00
Defense - 60:00

% Time on Ice - Predators

Lines # - Real PCT - Wanted PCT - Time Play
Normal Forward
1 - 32% - 33% - 12:18
2 - 25% - 30% - 9:27
3 - 24% - 27% - 9:14
4 - 19% - 10% - 7:30
Normal Defense
1 - 32% - 33% - 12:21
2 - 32% - 28% - 12:13
3 - 31% - 23% - 12:00
4 - 5% - 16% - 1:55
PP Forward
1 - 51% - 60% - 3:29
2 - 49% - 40% - 3:24
PP Defense
1 - 51% - 67% - 3:31
2 - 49% - 33% - 3:22
PK Forward
1 - 51% - 50% - 6:43
2 - 49% - 50% - 6:35
PK Defense
1 - 51% - 50% - 6:46
2 - 49% - 50% - 6:32
PK3 Forward
1 - 0% - 50%
2 - 0% - 50%
PK3 Defense
1 - 0% - 50%
2 - 0% - 50%
44 Forward
1 - 66% - 50% - 0:41
2 - 34% - 50% - 0:21
44 Defense
1 - 66% - 55% - 0:41
2 - 34% - 45% - 0:21
Last Minute Offensive  - 0:18
Last Minute Defensive  - 0:00
Total
Forward - 60:00
Defense - 60:00

Play by Play

1st period


0:01 of 1st period - Tomas Plekanec wins face-off versus Jason Spezza in neutral zone.
0:06 of 1st period - Snap shot by Valtteri Filppula.
0:06 of 1st period - Shot Misses the Net.
0:08 of 1st period - Snap shot by Tomas Plekanec.
0:08 of 1st period - Shot Misses the Net.
0:10 of 1st period - Slapshot by Dennis Seidenberg.
0:10 of 1st period - Shot Misses the Net.
0:12 of 1st period - Slapshot by Roman Josi.
0:12 of 1st period - Stopped by Antti Niemi with a rebound.
0:14 of 1st period - Slapshot by Roman Josi.
0:14 of 1st period - Shot Misses the Net.
0:16 of 1st period - Wrist shot by Dennis Seidenberg.
0:16 of 1st period - Stopped by Antti Niemi with a rebound.
0:18 of 1st period - Snap shot by Valtteri Filppula.
0:18 of 1st period - Deflect By Radim Vrbata.
0:18 of 1st period - Stopped by Antti Niemi with a rebound.
0:20 of 1st period - Wrist shot by Tomas Plekanec.
0:20 of 1st period - Shot Blocked by TJ Brodie.
0:22 of 1st period - Slapshot by Dennis Seidenberg.
0:22 of 1st period - Stopped by Antti Niemi with a rebound.
0:24 of 1st period - Slapshot by Roman Josi.
0:24 of 1st period - Shot Blocked by TJ Brodie.
0:37 of 1st period - Minor Penalty to Dennis Seidenberg for Tripping.
0:38 of 1st period - Eric Fehr wins face-off versus Sean Monahan in Predators zone.
0:47 of 1st period - Johnny Gaudreau is hit by Andrew Cogliano and loses puck.
1:32 of 1st period - Cody Eakin is hit by Jaden Schwartz and loses puck.
2:37 of 1st period - Penalty to Dennis Seidenberg is over, Dennis Seidenberg is back on ice.
3:14 of 1st period - Minor Penalty to Chris Kunitz for Holding.
3:15 of 1st period - Mikael Backlund wins face-off versus Tomas Plekanec in Flames zone.
3:24 of 1st period - Snap shot by Mikael Backlund.
3:24 of 1st period - Shot Misses the Net.
3:26 of 1st period - Snap shot by Lance Bouma.
3:26 of 1st period - Stopped by Jimmy Howard without a rebound.
3:27 of 1st period - Mikael Backlund wins face-off versus Tomas Plekanec in Predators zone.
4:23 of 1st period - Slapshot by Roman Josi.
4:23 of 1st period - Stopped by Antti Niemi without a rebound.
4:24 of 1st period - Aleksander Barkov wins face-off versus Patrice Bergeron in Flames zone.
5:11 of 1st period - Ryan Murray is hit by Radim Vrbata and loses puck.
5:14 of 1st period - Penalty to Chris Kunitz is over, Chris Kunitz is back on ice.
5:31 of 1st period - Lance Bouma is hit by Patrick Maroon and loses puck.
5:36 of 1st period - Slapshot by Patrick Maroon.
5:36 of 1st period - Shot Blocked by Ryan Murray.
5:38 of 1st period - Wrist shot by Cal Clutterbuck.
5:38 of 1st period - Shot Misses the Net.
5:40 of 1st period - Slapshot by Dan Boyle.
5:40 of 1st period - Shot Misses the Net.
5:42 of 1st period - Slapshot by Tim Gleason.
5:42 of 1st period - Shot Blocked by Lance Bouma.
5:44 of 1st period - Backhand shot by Cal Clutterbuck.
5:44 of 1st period - Stopped by Antti Niemi without a rebound.
5:45 of 1st period - Jason Spezza wins face-off versus Cody Eakin in Flames zone.
6:20 of 1st period - Wrist shot by Martin St. Louis.
6:20 of 1st period - Shot Misses the Net.
6:22 of 1st period - Snap shot by Jaden Schwartz.
6:22 of 1st period - Stopped by Jimmy Howard with a rebound.
6:28 of 1st period - Minor Penalty to Tim Gleason for Holding Stick.
6:29 of 1st period - Tomas Plekanec wins face-off versus Johnny Gaudreau in Predators zone.
6:48 of 1st period - Snap shot by Cody Eakin.
6:48 of 1st period - Shot Blocked by Dougie Hamilton.
6:56 of 1st period - Snap shot by Eric Fehr.
6:56 of 1st period - Shot Blocked by Sean Monahan.
8:28 of 1st period - Penalty to Tim Gleason is over, Tim Gleason is back on ice.
9:29 of 1st period - Minor Penalty to Dougie Hamilton for Hooking.
9:30 of 1st period - Patrice Bergeron wins face-off versus Aleksander Barkov in Flames zone.
10:03 of 1st period - Off-side.
10:04 of 1st period - Mikael Backlund wins face-off versus Tomas Plekanec in neutral zone.
10:12 of 1st period - Icing by Dan Boyle.
10:13 of 1st period - Mikael Backlund wins face-off versus Tomas Plekanec in Predators zone.
10:20 of 1st period - Dennis Seidenberg is hit by Ryan Murray and loses puck.
10:55 of 1st period - Ryan Murray is hit by Evander Kane and loses puck.
11:29 of 1st period - Penalty to Dougie Hamilton is over, Dougie Hamilton is back on ice.
11:36 of 1st period - Slapshot by Radim Vrbata.
11:36 of 1st period - Stopped by Antti Niemi with a rebound.
11:38 of 1st period - Snap shot by Valtteri Filppula.
11:38 of 1st period - Deflect By Dougie Hamilton.
11:38 of 1st period - Predators goal is going for a video replay.
11:38 of 1st period - The goal is good.
11:38 of 1st period - Goal by Valtteri Filppula - Flames : 0 - Predators : 1.
11:39 of 1st period - Sean Monahan wins face-off versus Cody Eakin in neutral zone.
11:46 of 1st period - Snap shot by Sean Monahan.
11:46 of 1st period - Shot Misses the Net.
13:20 of 1st period - Jaden Schwartz is hit by Cal Clutterbuck and loses puck.
13:27 of 1st period - Slapshot by Ryan Murray.
13:27 of 1st period - Shot Misses the Net.
13:35 of 1st period - Slapshot by Trevor Daley.
13:35 of 1st period - Stopped by Antti Niemi with a rebound.
13:37 of 1st period - Slapshot by Nick Schultz.
13:37 of 1st period - Deflect By Jaden Schwartz.
13:37 of 1st period - Stopped by Antti Niemi with a rebound.
13:39 of 1st period - Wrist shot by Eric Fehr.
13:39 of 1st period - Shot Misses the Net.
14:01 of 1st period - Backhand shot by Valtteri Filppula.
14:01 of 1st period - Stopped by Antti Niemi with a rebound.
14:37 of 1st period - Lance Bouma is hit by Cody Eakin.
14:51 of 1st period - Wrist shot by Mikael Backlund.
14:51 of 1st period - Stopped by Jimmy Howard with a rebound.
15:01 of 1st period - Wrist shot by Mikael Backlund.
15:01 of 1st period - Stopped by Jimmy Howard without a rebound.
15:02 of 1st period - Sean Monahan wins face-off versus Andrew Cogliano in Predators zone.
15:23 of 1st period - Snap shot by Patrice Bergeron.
15:23 of 1st period - Shot Misses the Net.
15:25 of 1st period - Slapshot by Nick Schultz.
15:25 of 1st period - Shot Misses the Net.
15:27 of 1st period - Slapshot by Trevor Daley.
15:27 of 1st period - Shot Misses the Net.
15:35 of 1st period - Evander Kane is hit by Johnny Gaudreau and loses puck.
16:23 of 1st period - John Klingberg is hit by Eric Fehr.
17:00 of 1st period - Radim Vrbata is hit by Lance Bouma and loses puck.
17:27 of 1st period - Slapshot by Johnny Gaudreau.
17:27 of 1st period - Shot Misses the Net.
17:29 of 1st period - Snap shot by Jason Pominville.
17:29 of 1st period - Goal by Jason Pominville - Flames : 1 - Predators : 1.
17:30 of 1st period - Jason Spezza wins face-off versus Patrice Bergeron in neutral zone.
17:35 of 1st period - Slapshot by Martin St. Louis.
17:35 of 1st period - Stopped by Jimmy Howard with a rebound.
17:38 of 1st period - Icing by Andrew Cogliano.
17:39 of 1st period - Patrice Bergeron wins face-off versus Jason Spezza in Predators zone.
18:03 of 1st period - Wrist shot by Martin St. Louis.
18:03 of 1st period - Stopped by Jimmy Howard without a rebound.
18:04 of 1st period - Tomas Plekanec wins face-off versus Chris Kunitz in Predators zone.
18:57 of 1st period - Jason Pominville is hit by Dennis Seidenberg and loses puck.
19:41 of 1st period - Snap shot by Patrice Bergeron.
19:41 of 1st period - Deflect By Evander Kane.
19:41 of 1st period - Shot Misses the Net.
19:41 of 1st period - Puck is out of play.
19:42 of 1st period - Evander Kane wins face-off versus Jason Spezza in Flames zone.
19:48 of 1st period - Minor Penalty to Jason Spezza for Delaying the game.
19:49 of 1st period - Mikael Backlund wins face-off versus Tomas Plekanec in Flames zone.
19:49 of 1st period - Mikael Backlund is hit by Radim Vrbata.
Goals for this period are 1 for Flames vs 1 for Predators.
Shots for this period are 7 for Flames vs 11 for Predators.

2nd period


0:01 of 2nd period - Tomas Plekanec wins face-off versus Aleksander Barkov in neutral zone.
0:04 of 2nd period - Slapshot by Radim Vrbata.
0:04 of 2nd period - Stopped by Antti Niemi with a rebound.
1:07 of 2nd period - TJ Brodie is hit by Roman Josi and loses puck.
1:44 of 2nd period - Valtteri Filppula is hit by TJ Brodie and loses puck.
1:48 of 2nd period - Penalty to Jason Spezza is over, Jason Spezza is back on ice.
2:21 of 2nd period - Sean Monahan is hit by Cal Clutterbuck and loses puck.
2:34 of 2nd period - Wrist shot by Patrick Maroon.
2:34 of 2nd period - Shot Misses the Net.
3:10 of 2nd period - Wrist shot by Tomas Hertl.
3:10 of 2nd period - Stopped by Antti Niemi without a rebound.
3:11 of 2nd period - Patrice Bergeron wins face-off versus Mikael Backlund in Flames zone.
3:31 of 2nd period - Minor Penalty to Tim Gleason for Interference.
3:32 of 2nd period - Tomas Plekanec wins face-off versus Jaden Schwartz in Predators zone.
3:32 of 2nd period - Tomas Plekanec is hit by Dougie Hamilton.
4:02 of 2nd period - Slapshot by Roman Josi.
4:02 of 2nd period - Stopped by Antti Niemi with a rebound.
4:04 of 2nd period - Slapshot by Nick Schultz.
4:04 of 2nd period - Stopped by Antti Niemi with a rebound.
4:28 of 2nd period - Minor Penalty to Jason Spezza for Cross-checking.
4:29 of 2nd period - Patrice Bergeron wins face-off versus Sean Monahan in Flames zone.
5:23 of 2nd period - Icing by Nick Schultz.
5:24 of 2nd period - Valtteri Filppula wins face-off versus Reilly Smith in Predators zone.
5:31 of 2nd period - Penalty to Tim Gleason is over, Tim Gleason is back on ice.
6:11 of 2nd period - Mikael Backlund is hit by Nick Schultz and loses puck.
6:12 of 2nd period - Mikael Backlund from Flames is injured at 6:12 of 2nd period (Upper Body).
6:13 of 2nd period - Radim Vrbata wins face-off versus Reilly Smith in Flames zone.
6:26 of 2nd period - Snap shot by Tomas Plekanec.
6:26 of 2nd period - Goal by Tomas Plekanec - Flames : 1 - Predators : 2.
6:27 of 2nd period - Tomas Plekanec wins face-off versus Jason Spezza in neutral zone.
6:30 of 2nd period - Jaden Schwartz is hit by Radim Vrbata and loses puck.
6:41 of 2nd period - Snap shot by Radim Vrbata.
6:41 of 2nd period - Shot Blocked by John Klingberg.
6:43 of 2nd period - Wrist shot by Tomas Plekanec.
6:43 of 2nd period - Shot Misses the Net.
6:45 of 2nd period - Snap shot by Roman Josi.
6:45 of 2nd period - Shot Misses the Net.
6:47 of 2nd period - Snap shot by Roman Josi.
6:47 of 2nd period - Stopped by Antti Niemi without a rebound.
6:48 of 2nd period - Patrice Bergeron wins face-off versus Aleksander Barkov in Flames zone.
6:49 of 2nd period - Slapshot by Evander Kane.
6:49 of 2nd period - Shot Misses the Net.
7:16 of 2nd period - Off-side.
7:17 of 2nd period - Tomas Plekanec wins face-off versus Jason Spezza in neutral zone.
7:28 of 2nd period - Snap shot by Valtteri Filppula.
7:28 of 2nd period - Shot Misses the Net.
7:33 of 2nd period - Off-side.
7:34 of 2nd period - Tomas Plekanec wins face-off versus Jason Spezza in neutral zone.
7:39 of 2nd period - Wrist shot by Tomas Plekanec.
7:39 of 2nd period - Shot Blocked by TJ Brodie.
8:26 of 2nd period - Nick Schultz is hit by John Klingberg and loses puck.
9:28 of 2nd period - Brian Campbell is hit by Roman Josi and loses puck.
9:30 of 2nd period - Minor Penalty to Evander Kane for Hooking.
9:31 of 2nd period - Sean Monahan wins face-off versus Tomas Plekanec in Predators zone.
9:34 of 2nd period - Snap shot by Sean Monahan.
9:34 of 2nd period - Stopped by Jimmy Howard with a rebound.
9:40 of 2nd period - Wrist shot by Johnny Gaudreau.
9:40 of 2nd period - Shot Misses the Net.
9:42 of 2nd period - Slapshot by Johnny Gaudreau.
9:42 of 2nd period - Stopped by Jimmy Howard with a rebound.
9:44 of 2nd period - Wrist shot by Martin St. Louis.
9:44 of 2nd period - Shot Misses the Net.
9:46 of 2nd period - Slapshot by Sean Monahan.
9:46 of 2nd period - Stopped by Jimmy Howard with a rebound.
9:48 of 2nd period - Slapshot by Johnny Gaudreau.
9:48 of 2nd period - Shot Blocked by Tomas Plekanec.
10:29 of 2nd period - Brian Campbell is hit by Cody Eakin and loses puck.
11:17 of 2nd period - Wrist shot by Sean Monahan.
11:17 of 2nd period - Shot Misses the Net.
11:30 of 2nd period - Penalty to Evander Kane is over, Evander Kane is back on ice.
12:07 of 2nd period - Wrist shot by Aleksander Barkov.
12:07 of 2nd period - Shot Blocked by Valtteri Filppula.
12:09 of 2nd period - Slapshot by Dougie Hamilton.
12:09 of 2nd period - Stopped by Jimmy Howard without a rebound.
12:10 of 2nd period - Aleksander Barkov wins face-off versus Cody Eakin in Predators zone.
12:22 of 2nd period - Minor Penalty to Tim Gleason for High sticking.
12:23 of 2nd period - Cody Eakin wins face-off versus Sean Monahan in Predators zone.
13:03 of 2nd period - Andrew Cogliano is hit by Ryan Murray and loses puck.
13:32 of 2nd period - Dennis Seidenberg is hit by Dougie Hamilton and loses puck.
13:52 of 2nd period - Andrew Cogliano is hit by Dougie Hamilton.
14:18 of 2nd period - Eric Fehr is hit by John Klingberg and loses puck.
14:22 of 2nd period - Penalty to Tim Gleason is over, Tim Gleason is back on ice.
15:00 of 2nd period - Eric Fehr is hit by Ryan Murray and loses puck.
15:27 of 2nd period - Brian Campbell is hit by Evander Kane and loses puck.
15:41 of 2nd period - David Savard is hit by Evander Kane.
15:51 of 2nd period - David Savard is hit by Nick Schultz and loses puck.
16:31 of 2nd period - Snap shot by Martin St. Louis.
16:31 of 2nd period - Shot Blocked by Dennis Seidenberg.
16:33 of 2nd period - Slapshot by Dougie Hamilton.
16:33 of 2nd period - Stopped by Jimmy Howard with a rebound.
16:54 of 2nd period - Dan Boyle is hit by Aleksander Barkov and loses puck.
17:05 of 2nd period - David Savard is hit by Nikolay Kulemin and loses puck.
17:32 of 2nd period - Reilly Smith is hit by Trevor Daley and loses puck.
17:51 of 2nd period - Patrice Bergeron is hit by Reilly Smith and loses puck.
17:58 of 2nd period - Reilly Smith is hit by Evander Kane and loses puck.
18:29 of 2nd period - Snap shot by Jason Spezza.
18:29 of 2nd period - Shot Misses the Net.
18:31 of 2nd period - Slapshot by Ryan Murray.
18:31 of 2nd period - Stopped by Jimmy Howard with a rebound.
18:51 of 2nd period - Slapshot by Jason Pominville.
18:51 of 2nd period - Shot Blocked by Roman Josi.
19:19 of 2nd period - Snap shot by Patrick Maroon.
19:19 of 2nd period - Deflect By Cal Clutterbuck.
19:19 of 2nd period - Stopped by Antti Niemi with a rebound.
19:21 of 2nd period - Snap shot by Cal Clutterbuck.
19:21 of 2nd period - Shot Blocked by Dougie Hamilton.
19:39 of 2nd period - Wrist shot by Jason Spezza.
19:39 of 2nd period - Shot Misses the Net.
Goals for this period are 0 for Flames vs 1 for Predators.
Shots for this period are 6 for Flames vs 7 for Predators.

3rd period


0:01 of 3rd period - Jason Spezza wins face-off versus Tomas Plekanec in neutral zone.
0:14 of 3rd period - Backhand shot by Jason Spezza.
0:14 of 3rd period - Shot Blocked by Roman Josi.
0:16 of 3rd period - Slapshot by John Klingberg.
0:16 of 3rd period - Stopped by Jimmy Howard with a rebound.
0:18 of 3rd period - Slapshot by John Klingberg.
0:18 of 3rd period - Stopped by Jimmy Howard without a rebound.
0:19 of 3rd period - Tomas Plekanec wins face-off versus Martin St. Louis in Predators zone.
0:24 of 3rd period - Snap shot by Martin St. Louis.
0:24 of 3rd period - Stopped by Jimmy Howard with a rebound.
0:30 of 3rd period - Snap shot by Jaden Schwartz.
0:30 of 3rd period - Goal by Jaden Schwartz - Flames : 2 - Predators : 2.
0:31 of 3rd period - Sean Monahan wins face-off versus Tomas Plekanec in neutral zone.
0:44 of 3rd period - Snap shot by Johnny Gaudreau.
0:44 of 3rd period - Shot Blocked by Dennis Seidenberg.
1:31 of 3rd period - Snap shot by Jason Spezza.
1:31 of 3rd period - Stopped by Jimmy Howard with a rebound.
2:12 of 3rd period - Backhand shot by Aleksander Barkov.
2:12 of 3rd period - Shot Misses the Net.
2:48 of 3rd period - Backhand shot by Sean Monahan.
2:48 of 3rd period - Goal by Sean Monahan - Flames : 3 - Predators : 2.
2:49 of 3rd period - Sean Monahan wins face-off versus Patrice Bergeron in neutral zone.
2:58 of 3rd period - Snap shot by Johnny Gaudreau.
2:58 of 3rd period - Stopped by Jimmy Howard with a rebound.
3:00 of 3rd period - Slapshot by John Klingberg.
3:00 of 3rd period - Shot Blocked by Dennis Seidenberg.
3:44 of 3rd period - Minor Penalty to Cal Clutterbuck for Interference.
3:45 of 3rd period - Cody Eakin wins face-off versus Jaden Schwartz in Predators zone.
4:27 of 3rd period - Icing by Sean Monahan.
4:28 of 3rd period - Cody Eakin wins face-off versus Sean Monahan in Flames zone.
4:40 of 3rd period - Dennis Seidenberg is hit by Johnny Gaudreau and loses puck.
5:44 of 3rd period - Penalty to Cal Clutterbuck is over, Cal Clutterbuck is back on ice.
5:55 of 3rd period - Slapshot by Jason Spezza.
5:55 of 3rd period - Stopped by Jimmy Howard with a rebound.
7:18 of 3rd period - Ryan Murray is hit by Dennis Seidenberg.
7:28 of 3rd period - Wrist shot by Reilly Smith.
7:28 of 3rd period - Stopped by Jimmy Howard with a rebound.
8:49 of 3rd period - Brian Campbell is hit by Eric Fehr.
9:14 of 3rd period - Backhand shot by Sean Monahan.
9:14 of 3rd period - Stopped by Jimmy Howard without a rebound.
9:15 of 3rd period - Cody Eakin wins face-off versus Sean Monahan in Predators zone.
9:46 of 3rd period - Nick Schultz is hit by Michael Frolik and loses puck.
11:38 of 3rd period - Minor Penalty to Dan Boyle for Tripping.
11:39 of 3rd period - Cody Eakin wins face-off versus Sean Monahan in Predators zone.
11:42 of 3rd period - Off-side.
11:43 of 3rd period - Cody Eakin wins face-off versus Sean Monahan in neutral zone.
11:46 of 3rd period - Snap shot by Roman Josi.
11:46 of 3rd period - Stopped by Antti Niemi with a rebound.
11:48 of 3rd period - Wrist shot by Cody Eakin.
11:48 of 3rd period - Shot Blocked by John Klingberg.
11:50 of 3rd period - Slapshot by Roman Josi.
11:50 of 3rd period - Shot Blocked by Ryan Murray.
11:52 of 3rd period - Wrist shot by Eric Fehr.
11:52 of 3rd period - Stopped by Antti Niemi with a rebound.
11:54 of 3rd period - Slapshot by Roman Josi.
11:54 of 3rd period - Stopped by Antti Niemi without a rebound.
11:55 of 3rd period - Sean Monahan wins face-off versus Cody Eakin in Flames zone.
12:02 of 3rd period - Snap shot by Sean Monahan.
12:02 of 3rd period - Deflect By Johnny Gaudreau.
12:02 of 3rd period - Stopped by Jimmy Howard with a rebound.
12:28 of 3rd period - Roman Josi is hit by Jason Spezza and loses puck.
12:45 of 3rd period - Slapshot by Jason Pominville.
12:45 of 3rd period - Stopped by Jimmy Howard with a rebound.
13:13 of 3rd period - Dougie Hamilton is hit by Roman Josi and loses puck.
13:38 of 3rd period - Penalty to Dan Boyle is over, Dan Boyle is back on ice.
13:56 of 3rd period - Slapshot by Aleksander Barkov.
13:56 of 3rd period - Shot Misses the Net.
13:58 of 3rd period - Wrist shot by Reilly Smith.
13:58 of 3rd period - Stopped by Jimmy Howard without a rebound.
13:59 of 3rd period - Eric Fehr wins face-off versus Aleksander Barkov in Predators zone.
14:18 of 3rd period - Slapshot by Dan Boyle.
14:18 of 3rd period - Stopped by Antti Niemi without a rebound.
14:19 of 3rd period - Eric Fehr wins face-off versus Aleksander Barkov in Flames zone.
14:42 of 3rd period - Patrice Bergeron is hit by Dougie Hamilton and loses puck.
15:17 of 3rd period - Reilly Smith is hit by Dennis Seidenberg and loses puck.
16:10 of 3rd period - Slapshot by Patrick Maroon.
16:10 of 3rd period - Stopped by Antti Niemi with a rebound.
16:12 of 3rd period - Wrist shot by Eric Fehr.
16:12 of 3rd period - Stopped by Antti Niemi without a rebound.
16:13 of 3rd period - Aleksander Barkov wins face-off versus Eric Fehr in Flames zone.
16:30 of 3rd period - Backhand shot by Roman Josi.
16:30 of 3rd period - Shot Blocked by David Savard.
16:50 of 3rd period - David Savard is hit by Evander Kane and loses puck.
16:59 of 3rd period - Slapshot by Evander Kane.
16:59 of 3rd period - Shot Misses the Net.
17:05 of 3rd period - Snap shot by Patrice Bergeron.
17:05 of 3rd period - Shot Misses the Net.
18:33 of 3rd period - Slapshot by Michael Frolik.
18:33 of 3rd period - Shot Blocked by Roman Josi.
18:35 of 3rd period - Slapshot by Dougie Hamilton.
18:35 of 3rd period - Deflect By Roman Josi.
18:35 of 3rd period - Stopped by Jimmy Howard with a rebound.
18:37 of 3rd period - Slapshot by Dougie Hamilton.
18:37 of 3rd period - Deflect By Aleksander Barkov.
18:37 of 3rd period - Stopped by Jimmy Howard with a rebound.
18:39 of 3rd period - Slapshot by Ryan Murray.
18:39 of 3rd period - Shot Blocked by Dennis Seidenberg.
18:41 of 3rd period - Slapshot by Ryan Murray.
18:41 of 3rd period - Shot Blocked by Dennis Seidenberg.
18:43 of 3rd period - Slapshot by Ryan Murray.
18:43 of 3rd period - Shot Misses the Net.
19:10 of 3rd period - Off-side.
19:11 of 3rd period - Paul Maurice call a timeout for Predators.
19:11 of 3rd period - Aleksander Barkov wins face-off versus Patrice Bergeron in neutral zone.
19:14 of 3rd period - Slapshot by Brian Campbell.
19:14 of 3rd period - Stopped by Jimmy Howard without a rebound.
19:15 of 3rd period - Tomas Plekanec wins face-off versus Reilly Smith in Predators zone.
19:29 of 3rd period - Wrist shot by Lance Bouma.
19:29 of 3rd period - Stopped by Jimmy Howard without a rebound.
19:30 of 3rd period - Tomas Plekanec wins face-off versus Reilly Smith in Predators zone.
19:32 of 3rd period - Minor Penalty to Evander Kane for Hooking.
19:33 of 3rd period - Jason Spezza wins face-off versus Cody Eakin in Predators zone.
19:55 of 3rd period - Wrist shot by Jason Spezza.
19:55 of 3rd period - Stopped by Jimmy Howard without a rebound.
19:56 of 3rd period - Sean Monahan wins face-off versus Tomas Plekanec in Predators zone.
Goals for this period are 2 for Flames vs 0 for Predators.
Shots for this period are 18 for Flames vs 6 for Predators.